 Dungeon Crawl Stone Soup version 0.20.1-1-g8b1a95d (webtiles) character file.

61 mmigdal the Shield-Bearer (level 3, 0/36 HPs)
             Began as a Troll Fighter on Nov 2, 2017.
             Slain by a goblin
             ... wielding a +0 dagger
             ... led by Robin
              (5 damage)
             ... on level 2 of the Dungeon.
             The game lasted 00:08:45 (1731 turns).

mmigdal the Shield-Bearer (Troll Fighter)           Turns: 1731, Time: 00:08:45

Health: 0/36       AC:  5    Str: 25    XL:     3   Next: 83%
Magic:  11/11      EV:  8    Int:  4    God:
Gold:   71         SH:  9    Dex:  9    Spells: 2/2 levels left

rFire    . . .     SeeInvis .     - Unarmed
rCold    . . .     Gourm    +   b - +0 shield
rNeg     . . .     Faith    .   a - +0 robe
rPois    .         Spirit   .   (helmet restricted)
rElec    .         Reflect  .   (no cloak)
rCorr    .         Harm     .   (gloves unavailable)
MR       .....                  (boots unavailable)
Stlth    +.........             (no amulet)
Regen    0.6/turn               k - ring of magical power
MPRegen  0.2/turn               (no ring)

@: no status effects
A: unfitting armour, claws 3, fast metabolism 3, gourmand, regeneration 1,
shaggy fur 1, tough skin 2
a: no special abilities


You were on level 2 of the Dungeon.
You were not hungry.

You visited 1 branch of the dungeon, and saw 2 of its levels.

You collected 71 gold pieces.

Inventory:

Missiles
 j - 39 stones (quivered)
 o - 7 tomahawks
Armour
 a - a +0 robe (worn)
 b - a +0 shield (worn)
Jewellery
 k - a ring of magical power (left claw)
 q - an uncursed ring of stealth {unknown}
 u - an uncursed ring of magical power
Scrolls
 e - a scroll of noise {unknown}
 f - a scroll of immolation {unknown}
 g - a scroll of teleportation {unknown}
 i - 3 scrolls of identify {unknown}
 p - a scroll of blinking {unknown}
 s - a scroll of fear {unknown}
 t - a scroll of remove curse {unknown}
 w - a scroll of random uselessness {unknown}
Potions
 c - a potion of might
 l - a potion of flight {unknown}
 m - 2 potions of curing {unknown}
 n - a potion of mutation {unknown}
 v - a potion of heal wounds {unknown}
Comestibles
 d - 3 bread rations
 h - a royal jelly
 r - a meat ration


   Skills:
 + Level 2.6 Fighting
 + Level 0.8 Throwing
 + Level 2.9 Dodging
 + Level 3.0 Shields
 + Level 2.2 Unarmed Combat


You had 2 spell levels left.
You didn't know any spells.

Dungeon Overview and Level Annotations

Branches:
Dungeon (2/15)

Altars:
Cheibriados
Sif Muna


Innate Abilities, Weirdness & Mutations

You are too large for most types of armour.
You have claws for hands.
Your metabolism is lightning-fast.
You like to eat raw meat.
Your natural rate of healing is unusually fast.
You are covered in fur. (AC +1)
You have very tough skin. (AC +2)


Message History

You block the goblin's attack. The goblin barely misses you.
The goblin hits you but does no damage.
Items here: ( )) † a club; an uncursed hunting sling; 14 stones; a goblin corpse The goblin hits you but does no damage.
You block the goblin's attack. You block the goblin's attack.
The goblin hits you with a dagger.
* * * LOW HITPOINT WARNING * * *
There is a stone staircase leading down here.
You barely miss the goblin. You block the goblin's attack. x2
The goblin hits you but does no damage.
Your shield prevents you from hitting the goblin.
The goblin hits you but does no damage. You block the goblin's attack.
The goblin barely misses you.
You closely miss the goblin. The goblin hits you with a dagger.
* * * LOW HITPOINT WARNING * * *
The goblin hits you but does no damage. You block the goblin's attack.
You claw the goblin!
You kill the goblin!
The goblin hits you with a dagger.
You die...

### ## ###.. .. .#
#.... .# .#
#.#.####.# .#
#.#.##...##### .#
#.#.##....... .#
#.#.##..##.#
.######.#.....#(.#
.'.............)@#
.######........gg#
.# ######..#..# )#
######..#..# .#
#...##..#.$.. .##
#...##..###### ..#
#...##...
#'#####...##.###
..........#


You could see 2 goblins.

Vanquished Creatures
  Robin (D:2)
  An adder (D:2)
  A worm (D:2)
  4 bats
  2 giant cockroaches (D:2)
  11 goblins
  4 hobgoblins
  3 kobolds
  3 ball pythons
  3 frilled lizards
  4 rats (D:1)
37 creatures vanquished.

Notes
Turn   | Place    | Note
-------+----------+-------------------------------------------
     0 | D:1      | mmigdal the Troll Fighter began the quest for the Orb.
     0 | D:1      | Reached XP level 1. HP: 22/22 MP: 0/0
   602 | D:1      | Reached XP level 2. HP: 29/29 MP: 1/1
  1075 | D:2      | Reached XP level 3. HP: 36/36 MP: 2/2
  1111 | D:2      | Found a deep blue altar of Sif Muna.
  1111 | D:2      | Found a snail-covered altar of Cheibriados.
  1684 | D:2      | Reached skill level 3 in Shields
  1702 | D:2      | Noticed Robin
  1712 | D:2      | Killed Robin
  1731 | D:2      | Slain by a goblin

Skill      XL: |  1  2  3 |
---------------+----------+-----
Shields        | 3 |  3.0
Fighting       | |  2.6
Throwing       | |  0.8
Dodging        | |  2.9
Unarmed Combat | |  2.2

Action                   || total
-------------------------++-------
Melee: Unarmed           ||    99
Throw: Stone             ||    50
 Stab: Distracted        ||     1
  Eat: Chunk             ||    14
Armor: Robe              ||    43
Dodge: Dodged            ||    36
Block: Shield            ||    63
